Map: Oxide LE

Players

LiquidClem (Clem) - Winner!

  • Race: Terran Terran
  • League: Master

GunGFuBanDa

  • Race: Protoss Protoss
  • League: Master

VOD

Have the link to the VOD?

Description

Time

  • Played on: April 11, 2021, 12:51 p.m.
  • Length: 5:58
Show
View Real Time Build Order
Export as new Build Order

LiquidClem Terran - Winner!

Build Orders:  

Get SALT Encoding   

  12  0:00  SCV  
  13  0:12  SCV  
  14  0:16  Supply Depot  
  14  0:24  SCV  
  15  0:38  SCV  
  15  0:39  Barracks  
  16  0:43  Refinery  
  16  0:50  SCV  
  17  1:02  SCV  
  18  1:14  SCV  
  19  1:26  Orbital Command, Marine  
  20  1:38  Command Center  
  20  1:45  Barracks Reactor  
  20  1:49  Supply Depot  
  21  1:54  SCV  
  21  2:06  SCV  
  22  2:08  Factory  
  22  2:18  Refinery, SCV  
  22  2:20  Marine x2  
  25  2:30  SCV  
  26  2:38  Marine x2  
  26  2:42  SCV  
  29  2:50  Orbital Command  
  29  2:52  Starport  
  29  2:54  SCV  
  30  3:00  Hellion  
  30  3:02  Hellion  
  34  3:06  Marine, SCV  
  36  3:13  Supply Depot  
  36  3:16  SCV  
  37  3:21  Widow Mine  
  37  3:23  Widow Mine  
  37  3:24  SCV  
  37  3:26  Barracks Tech Lab  
  42  3:30  Medivac  
  44  3:37  Supply Depot  
  44  3:38  SCV x2  
  46  3:43  Widow Mine  
  46  3:46  Widow Mine  
  50  3:50  SCV x2  
  50  4:02  SCV  
  49  4:05  SCV  
  49  4:07  Raven  
  49  4:13  Supply Depot  
  49  4:14  Factory Tech Lab, SCV, Bunker  
  49  4:15  Marine x2, Bunker  
  50  4:18  SCV  
  51  4:25  Supply Depot  
  51  4:31  SCV x2  
  51  4:33  Marine x2, Cyclone  
  58  4:43  SCV  
  59  4:46  SCV  
  59  4:50  Marine x2  
  57  4:55  SCV  
  54  5:05  Cyclone  
  54  5:06  SCV  
  53  5:08  Marine x2, SCV  
  55  5:19  SCV  
  54  5:25  SCV  
  54  5:26  Marine x2  
  54  5:27  Viking  
Show
View Real Time Build Order
Export as new Build Order

GunGFuBanDa Protoss 

Build Orders: 1 Gate Expand, Dark Templar Rush 

Get SALT Encoding   

  12  0:00  Probe  
  13  0:12  Probe  
  14  0:17  Pylon  
  14  0:24  Probe  
  15  0:36  Gateway  
  15  0:37  Probe (Chrono Boost)  
  16  0:43  Assimilator  
  16  0:48  Probe (Chrono Boost)  
  17  0:53  Probe (Chrono Boost)  
  18  1:03  Probe  
  19  1:18  Nexus  
  19  1:28  Cybernetics Core  
  19  1:31  Probe  
  20  1:39  Pylon  
  20  1:43  Probe  
  20  1:46  Assimilator  
  21  1:55  Probe  
  22  2:02  Adept (Chrono Boost)  
  22  2:05  Warp Gate  
  22  2:07  Probe (Chrono Boost)  
  25  2:19  Probe (Chrono Boost)  
  26  2:23  Twilight Council  
  26  2:28  Adept  
  29  2:32  Probe (Chrono Boost)  
  29  2:33  Probe (Chrono Boost)  
  30  2:39  Probe (Chrono Boost)  
  30  2:42  Probe (Chrono Boost)  
  32  2:46  Probe  
  32  2:49  Robotics Facility  
  33  2:52  Probe  
  34  2:58  Probe  
  34  3:04  Gateway, Probe  
  36  3:09  Dark Shrine  
  36  3:10  Probe  
  37  3:15  Shield Battery  
  37  3:17  Probe  
  38  3:23  Gateway  
  38  3:25  Probe  
  39  3:29  Probe  
  39  3:33  Pylon  
  40  3:37  Warp Prism (Chrono Boost)  
  42  3:43  Probe  
  42  3:44  Probe  
  40  4:04  Stalker  
  42  4:10  Probe (Chrono Boost)  
  42  4:14  Assimilator  
  42  4:16  Probe (Chrono Boost)  
  44  4:19  Probe (Chrono Boost)  
  44  4:23  Probe (Chrono Boost)  
  46  4:24  Dark Templar x2, Probe (Chrono Boost)  
  46  4:27  Dark Templar  
  46  4:29  Pylon  
  53  4:34  Probe  
  53  4:35  Pylon  
  54  4:45  Probe  
  51  4:57  Zealot  
  43  5:01  Probe  
  40  5:12  Stalker  
Tags
 
Add a new tag
Caveats
  • Supply blocks, unpowered buildings, or Contaminate may cause inaccurate times.
  • Supply counts are checked every 10 seconds.